[Event "*** SCC Grand Prix: Titled Tuesday Blitz"]
[Site "Chess.com"]
[Date "2020.08.04"]
[Round "6"]
[White "Batsai"]
[Black "VladaSviridova"]
[Result "0-1"]
[WhiteElo "2338"]
[BlackElo "2182"]
[TimeControl "180+1"]
[EndTime "14:50:35 PDT"]
[Termination "VladaSviridova won by checkmate"]

1. e4 e6 2. d4 d5 3. Nc3 Bb4 4. e5 c5 5. a3 Bxc3+ 6. bxc3 Ne7 7. h4 b6 8. h5 h6 9. Rh4 Ba6 10.
Bxa6 Nxa6 11. Rg4 Nf5 12. Ne2 Nb8 13. a4 Nc6 14. Ba3 Qc7 15. Ng3 Nxg3 16. Rxg3 Rg8 17. f4 Na5 18. Qd3 Nc4 19. Bc1 Qd7 20. f5 O-O-O 21.
a5 Qb7 22. axb6 axb6 23. fxe6 fxe6 24. Rg6 Rde8 25. Qh3 Qf7 26. Ke2 Kb7 27. dxc5 Rgf8 28. c6+ Kxc6 29. Be3 Nxe3 30. Qxe3 Qf5 31. g4 Qxc2+ 32.
Ke1 Qg2 33. Rc1 Rf1# 0-1

[Event "*** SCC Grand Prix: Titled Tuesday Blitz"]
[Site "Chess.com"]
[Date "2020.08.04"]
[Round "6"]
[White "PotapovaM"]
[Black "mishikomchedlishvili"]
[Result "0-1"]
[WhiteElo "2532"]
[BlackElo "2762"]
[TimeControl "180+1"]
[EndTime "14:50:37 PDT"]
[Termination "mishikomchedlishvili won by checkmate"]

1. d4 Nf6 2. c4 e6 3. Nf3 b6 4. Bf4 Bb7 5. e3 Bb4+ 6. Nfd2 O-O 7. a3 Be7 8. Nc3 c5 9. dxc5 bxc5 10. Qc2 d5 11.
cxd5 exd5 12. Na4 Nbd7 13. Bb5 Nh5 14. Bg3 Rc8 15. Qf5 Ndf6 16. Be5 Qa5 17. Be2 Qxa4 18.
Bxh5 g6 19. Qg5 Qc6 20. Bf3 Qe6 21. Bg3 Ba6 22. Qf4 Rfe8 23. Qe5 Qb6 24. h4 d4 25. h5 Bf8 26. Qg5 h6 27. Qf4 g5 28.
Qf5 dxe3 29. fxe3 Rxe3+ 30. Kf2 c4 31. Kf1 c3+ 32. Kg1 cxd2 33. Kh2 Bd6 34. Rhd1 Bxg3+ 35. Kxg3 Qd6+ 36. Kf2 Qd4 37. Kg3 Qh4# 0-1

[Event "*** SCC Grand Prix: Titled Tuesday Blitz"]
[Site "Chess.com"]
[Date "2020.08.04"]
[Round "6"]
[White "Cambek64"]
[Black "realmadridtv"]
[Result "0-1"]
[WhiteElo "2372"]
[BlackElo "2483"]
[TimeControl "180+1"]
[EndTime "14:50:37 PDT"]
[Termination "realmadridtv won by resignation"]

1. d4 Nf6 2. Nc3 g6 3. e4 d6 4. Bg5 Bg7 5. e5 dxe5 6. dxe5 Qxd1+ 7. Rxd1 Nfd7 8. Nb5 Na6 9. f4 f6 10. exf6 Nxf6 11.
c3 c6 12. Nd4 Nc7 13. Bc4 Nfd5 14. Bxd5 Nxd5 15. Nge2 h6 16. Bh4 Ne3 17. Rg1 Nxd1 18. Kxd1 Bg4 19. Kc2 c5 20. Nf3 O-O-O 21. Bf2 b6 22. Be3 Bf5+ 23. Kc1 Rhe8 24. g4 Rd3 25. gxf5 Rxe3 26. Rxg6 Bf6 27. Neg1 Re4 28. Nh3 Re2 29. Rxh6 Rd8 30. Nhg5 Rd5 31. Nh7 Rf2 32. Nxf6 exf6 33. Rh3 Rd3 34. Ng5 Rxh3 35. Nxh3 Rxh2 36. Ng1 Rh1 0-1

[Event "*** SCC Grand Prix: Titled Tuesday Blitz"]
[Site "Chess.com"]
[Date "2020.08.04"]
[Round "6"]
[White "ellatambien"]
[Black "bazar-wokzal"]
[Result "1/2-1/2"]
[WhiteElo "2343"]
[BlackElo "2467"]
[TimeControl "180+1"]
[EndTime "14:50:37 PDT"]
[Termination "Game drawn by agreement"]

1. c4 f5 2. Nf3 Nf6 3. g3 d6 4. d4 g6 5. Bg2 Bg7 6. O-O O-O 7. Nc3 Qe8 8. d5 c6 9. Nd4 cxd5 10. Nxd5 Nxd5 11. Bxd5+ e6 12. Bg2 Nc6 13. Nxc6 bxc6 14. Qxd6 Bd7 15. Be3 Bxb2 16. Rab1 Bf6 17. Rb7 Rf7 18.
Rfb1 Qe7 19. Rxd7 Qxd7 20. Qxd7 Rxd7 21. Bxc6 Rad8 22. Bxd7 Rxd7 23. Rb8+ Kf7 24. Ra8 Bd4 25. Bxd4 Rxd4 26. Rxa7+ Kf6 27. c5 Rc4 28. Rxh7 Rxc5 29. Ra7 g5 30. h3 f4 31. Kg2 e5 32. gxf4 gxf4 33. Kf3 Kf5 34. e4+ fxe3 35. fxe3 Rc2 36. e4+ Kg5 37. a4 Rc3+ 38. Ke2 Rxh3 39. a5 Kf4 40. a6 Kxe4 41. Ra8 Rh2+ 42. Kf1 Ra2 43. a7 Ra6 44. Kf2 Ra5 45. Ke2 Ra2+ 46. Kf1 Ke3 47.
Re8 Ra1+ 48. Kg2 Ra2+ 49. Kg3 Rxa7 50. Rxe5+ Kd4 51. Rf5 1/2-1/2

[Event "*** SCC Grand Prix: Titled Tuesday Blitz"]
[Site "Chess.com"]
[Date "2020.08.04"]
[Round "6"]
[White "AJSC02"]
[Black "Euge_chess"]
[Result "0-1"]
[WhiteElo "2252"]
[BlackElo "2054"]
[TimeControl "180+1"]
[EndTime "14:50:38 PDT"]
[Termination "Euge_chess won on time"]

1. e4 e5 2. Nf3 Nc6 3. Bc4 Nf6 4.
d3 d5 5. exd5 Nxd5 6. O-O Be6 7.
Re1 Qd6 8. Nbd2 O-O-O 9. Ne4 Qd7 10. Neg5 Bg4 11. h3 Bh5 12. g4 Bg6 13. Nxe5 Nxe5 14. Rxe5 Nb6 15. Bb3 Bd6 16. Re1 h5 17. Qf3 hxg4 18.
hxg4 Rh4 19. Ne6 Rdh8 20. Bg5 Rh3 21. Qg2 Bh2+ 22. Kf1 Bd6 23. Nf4 Bxf4 24. Bxf4 Qd4 25. Be5 Bxd3+ 26. cxd3 Qxd3+ 27. Kg1 f6 28. Rad1 Qh7 29.
Be6+ Kb8 30. Bg3 Rh1+ 0-1

[Event "*** SCC Grand Prix: Titled Tuesday Blitz"]
[Site "Chess.com"]
[Date "2020.08.04"]
[Round "6"]
[White "1977Ivan"]
[Black "Lion-Al-Messi"]
[Result "1-0"]
[WhiteElo "2690"]
[BlackElo "2480"]
[TimeControl "180+1"]
[EndTime "14:50:39 PDT"]
[Termination "1977Ivan won on time"]

1. c4 e5 2. Nc3 Nc6 3. Nf3 Nf6 4. g3 Be7 5. Bg2 O-O 6. d4 d6 7. O-O Bf5 8. d5 Nb8 9. Nh4 Bg6 10. e4 Nbd7 11.
Be3 Ne8 12. Nxg6 hxg6 13. h4 a6 14. Bh3 Ndf6 15. Qf3 c5 16. a4 Nh5 17. Kg2 Nef6 18.
a5 Nh7 19. Ra3 N5f6 20. Rfa1 Nd7 21. Rb3 Rb8 22. Bd2 Kh8 23. Na4 f5 24. exf5 gxf5 25. Qh5 Nf6 26. Qxf5 Nxd5 27. Qd3 Ndf6 28. Nb6 Qe8 29.
Qe2 Qc6+ 30. Kg1 Rbd8 31. Re1 d5 32. Bg2 e4 33. cxd5 Qd6 34. Bf4 Qxf4 35. gxf4 Bd6 36. Bxe4 Rde8 37. Re3 Bxf4 38. Bxh7 Bxe3 39. fxe3 Kxh7 40.
Rf1 Re4 41. Rf4 Re5 42. Qd3+ Kh8 43. d6 Rd8 44. d7 Re7 45. Qd6 Rxe3 46. Rxf6 1-0

[Event "*** SCC Grand Prix: Titled Tuesday Blitz"]
[Site "Chess.com"]
[Date "2020.08.04"]
[Round "6"]
[White "Artem_Sadovsky"]
[Black "frederiksvane"]
[Result "0-1"]
[WhiteElo "2393"]
[BlackElo "2576"]
[TimeControl "180+1"]
[EndTime "14:50:44 PDT"]
[Termination "frederiksvane won on time"]

1. Nf3 Nf6 2. g3 g6 3. Bg2 Bg7 4. O-O O-O 5. c4 c6 6. b3 d5 7. Bb2 b6 8. d3 Bb7 9. Nbd2 Nbd7 10. Qc2 Re8 11. e4 e5 12. exd5 cxd5 13. Rfe1 Qc7 14. Rac1 Rac8 15. Qb1 d4 16. b4 Bc6 17. Re2 a6 18. Rf1 Qb7 19. Rfe1 Bh6 20. Qd1 b5 21. a3 bxc4 22. Nxc4 Bxf3 23. Bxf3 Qxf3 24. Nxe5 Rxe5 25. Bxd4 Rxe2 26. Qxe2 Qxe2 27. Rxe2 Nd5 28. Kg2 Bg7 29. Re4 Bxd4 30. Rxd4 N7b6 31. a4 Ne7 32. a5 Nbd5 33. Kf3 Rb8 34. Rc4 Rxb4 35. Rc5 Kg7 36. h4 h5 37. Rc4 Rxc4 38. dxc4 Nb4 39. Ke4 Nbc6 0-1

[Event "*** SCC Grand Prix: Titled Tuesday Blitz"]
[Site "Chess.com"]
[Date "2020.08.04"]
[Round "6"]
[White "Semen_Khanin"]
[Black "penguingm1"]
[Result "0-1"]
[WhiteElo "2784"]
[BlackElo "2952"]
[TimeControl "180+1"]
[EndTime "14:50:46 PDT"]
[Termination "penguingm1 won on time"]

1. e4 e5 2. Nf3 Nc6 3. Bb5 g6 4.
d4 exd4 5. Bxc6 dxc6 6. Qxd4 Qxd4 7. Nxd4 Bg7 8. Be3 b6 9. Nc3 Ne7 10. O-O-O Bb7 11. h4 O-O-O 12. h5 c5 13. Nde2 f5 14. Rxd8+ Rxd8 15. Bg5 Re8 16. hxg6 hxg6 17. Rh7 Bf8 18. Nf4 Bxe4 19. f3 Bc6 20. Ne6 Nd5 21. Nxd5 Rxe6 22. Nxc7 Re2 23. Bf4 g5 24. Bxg5 Bd6 25. Na6 Bb7 26.
Rh8+ Kd7 27. Nb8+ Kc7 28. a4 Rxg2 29. f4 Bf3 30. a5 bxa5 31. Na6+ Kb7 32. Rh7+ Kc6 33.
Rh6 Kd5 0-1

[Event "*** SCC Grand Prix: Titled Tuesday Blitz"]
[Site "Chess.com"]
[Date "2020.08.04"]
[Round "6"]
[White "Caterpiller35"]
[Black "binbin239"]
[Result "0-1"]
[WhiteElo "2373"]
[BlackElo "2539"]
[TimeControl "180+1"]
[EndTime "14:50:46 PDT"]
[Termination "binbin239 won by resignation"]

1. d4 Nf6 2. Bg5 Ne4 3. Bf4 c5 4. f3 Qa5+ 5. c3 Nf6 6. Nd2 cxd4 7. Nb3 Qd8 8. cxd4 e6 9. e3 Be7 10. Rc1 Nc6 11. g4 Nd5 12. Ne2 g5 13. Be5 Nxe5 14. dxe5 Nxe3 15. Qd3 Nd5 16. h4 b6 17. Nbd4 Nb4 18.
Qe4 Ba6 19. Nc3 Bxf1 20. Kxf1 gxh4 21. a3 Na6 22. b4 Rc8 23. Kg2 d5 24. exd6 Qxd6 25.
f4 Rg8 26. Kf3 h5 27. g5 Nc7 28. Ncb5 Qd7 29. Nxa7 Rd8 30. Nac6 Rc8 31. Rhd1 Nd5 32. Nb5 Rxc6 33. Nd4 Rc8 34. b5 Nc3 35. Qh7 Rf8 36. Rd3 Qd5+ 37. Kf2 Ne4+ 38. Qxe4 Qxe4 39. Rxc8+ Kd7 40.
Rcc3 Bc5 41. Rxc5 bxc5 42. Nb3+ Kc7 43. Nxc5 Qxf4+ 44. Ke2 Qe5+ 0-1

[Event "*** SCC Grand Prix: Titled Tuesday Blitz"]
[Site "Chess.com"]
[Date "2020.08.04"]
[Round "6"]
[White "XiaoKangZhong"]
[Black "creativity"]
[Result "1-0"]
[WhiteElo "2406"]
[BlackElo "2028"]
[TimeControl "180+1"]
[EndTime "14:50:46 PDT"]
[Termination "XiaoKangZhong won on time"]

1. e4 e5 2. Nf3 Nc6 3. Bc4 Nf6 4. d3 Be7 5. O-O d6 6. Nbd2 O-O 7. Re1 h6 8. a4 a5 9. Nf1 Nh7 10. Ng3 Ng5 11.
Nxg5 Bxg5 12. Qh5 Nd4 13. Bxg5 Qxg5 14. Qxg5 hxg5 15. Rac1 g6 16. c3 Nc6 17. Nf1 Kg7 18.
Ne3 Bd7 19. Nd5 Rac8 20. f3 b6 21. Ba6 Ra8 22. Bb5 Rac8 23. Bxc6 Bxc6 24. Ne7 Bd7 25. Nxc8 Rxc8 26. Ra1 g4 27. Kf2 gxf3 28. gxf3 Rh8 29.
Rh1 Rh3 30. b4 f5 31. b5 fxe4 32. dxe4 Kf6 33. Rag1 Be6 34. Rg3 Rh4 35. Kg2 d5 36. exd5 Bxd5 37. Rd1 Be6 38. Ra1 Bb3 39. Rg4 Rh7 40.
Rb1 Bc2 41. Rc1 Bf5 42. Rg3 Rd7 43. Kf1 Rd2 44. h4 Ra2 45. c4 Rxa4 46. c5 Bd3+ 47. Kf2 Bxb5 48. cxb6 cxb6 49. Rc7 Rxh4 50. Rb7 Bc4 51.
Rxb6+ Kf5 52. Ke3 a4 53. Rb4 g5 54. Rxa4 Rd4 55. Rg2 Bd5 56. Rg4 Rxa4 57. Rxa4 1-0

[Event "*** SCC Grand Prix: Titled Tuesday Blitz"]
[Site "Chess.com"]
[Date "2020.08.04"]
[Round "6"]
[White "Bodnar_Mykola"]
[Black "afgano29"]
[Result "1-0"]
[WhiteElo "2473"]
[BlackElo "2640"]
[TimeControl "180+1"]
[EndTime "14:50:47 PDT"]
[Termination "Bodnar_Mykola won by resignation"]

1. e4 c5 2. Nf3 Nc6 3. d4 cxd4 4. Nxd4 e5 5. Nb5 d6 6. N1c3 a6 7. Na3 b5 8. Nd5 Nce7 9. c4 Nxd5 10. exd5 bxc4 11. Nxc4 Nf6 12. g3 Be7 13. Bg2 O-O 14.
O-O Nd7 15. Bd2 a5 16. Re1 f5 17. Bc3 e4 18. Qd2 a4 19. Na5 Bf6 20. Nc6 Qb6 21.
Ba5 Qxb2 22. Qxb2 Bxb2 23. Rab1 Bf6 24. Rec1 Nc5 25. Bc7 Nd3 26. Rc2 Be5 27. Nxe5 dxe5 28. Bf1 Bd7 29. Rc3 Rfc8 30. Rb7 Ne1 31. Bxe5 Nf3+ 32. Rxf3 exf3 33. Rxd7 Rc1 34. Rxg7+ Kf8 35. Rxh7 Ra5 36. Bf4 Rd1 37. d6 Rad5 38. h4 Ke8 39. h5 Rb1 40. d7+ Rxd7 41. Rxd7 Kxd7 42. h6 Re1 43. h7 1-0

[Event "*** SCC Grand Prix: Titled Tuesday Blitz"]
[Site "Chess.com"]
[Date "2020.08.04"]
[Round "6"]
[White "Ole83"]
[Black "StoreySniper"]
[Result "1-0"]
[WhiteElo "2330"]
[BlackElo "2443"]
[TimeControl "180+1"]
[EndTime "14:50:47 PDT"]
[Termination "Ole83 won by resignation"]

1. Nf3 g5 2. Nxg5 Bg7 3. d4 c5 4. e3 cxd4 5. exd4 Nc6 6. c3 d5 7. Bd3 Nf6 8. Nd2 Bg4 9. Ndf3 h6 10. Nh3 Bxh3 11. gxh3 Qd7 12. Rg1 Nh5 13. Nh4 Qxh3 14. Qxh5 Bf6 15. Rg3 Qxh4 16. Qxd5 Qxh2 17. Bf4 Qh4 18. Be3 Rd8 19. Qg2 Bg5 20. Rh3 Qxh3 21.
Qxh3 Bxe3 22. fxe3 Kf8 23. Ke2 Rd6 24. Rf1 Nd8 25.
Qh5 a6 26. Bc4 Rh7 27. e4 b5 28. Bd3 Rg7 29. Rf2 Ne6 30. e5 Rb6 31. Be4 Ng5 32. Bd5 Kg8 33. Bb3 a5 34. a3 b4 35. cxb4 axb4 36.
a4 Rc6 37. Ke3 Rcg6 38. a5 Kh7 39. Bc2 f5 40. Bxf5 e6 41. Bxg6+ Rxg6 42. Rf6 1-0

[Event "*** SCC Grand Prix: Titled Tuesday Blitz"]
[Site "Chess.com"]
[Date "2020.08.04"]
[Round "6"]
[White "superchess02"]
[Black "bratkoo"]
[Result "1-0"]
[WhiteElo "2719"]
[BlackElo "2504"]
[TimeControl "180+1"]
[EndTime "14:50:48 PDT"]
[Termination "superchess02 won by resignation"]

1. e4 g6 2. d4 Bg7 3. c4 d6 4. Nf3 Nf6 5. Nc3 c5 6. Be2 Nc6 7. d5 Nb8 8. O-O O-O 9. Rb1 a6 10. a3 e5 11. b4 Nbd7 12. Ne1 Ne8 13. Nd3 f5 14. Qb3 Nef6 15. f3 Rf7 16. a4 Bf8 17. Ba3 Nh5 18. a5 Qh4 19. Qd1 Ndf6 20. Qe1 Qg5 21.
Bc1 Nf4 22. Nxf4 exf4 23. bxc5 dxc5 24. e5 Nh5 25. e6 Rc7 26. Bd3 Bg7 27. Ne2 Be5 28.
Bb2 Bd6 29. Qc3 Ng7 30. Rbe1 Re7 31. Qf6 Qxf6 32. Bxf6 Re8 33. Nc3 Nxe6 34. dxe6 Rxe6 35. Nd5 Kf7 36. Bc3 Rb8 37. Nb6 Rxe1 38. Rxe1 Be6 39. Be5 Rd8 40. Bxd6 Rxd6 41. Bf1 Rd2 42. Re5 Ke7 43. Re2 Rd1 44. Kf2 Kd6 45. Re1 Rd2+ 46. Be2 Ra2 47. Rd1+ Kc6 48. Nd5 Rxa5 49. Nxf4 Bd7 50.
h4 Ra2 51. h5 g5 52. Nd5 Be6 53. h6 f4 54. Kf1 Rc2 55. Nf6 Bxc4 56. Bxc4 Rxc4 57.
Nxh7 Rc3 58. Nxg5 Re3 59. h7 Re8 60. Nf7 Rf8 61. Rd8 Rxf7 62. h8=Q Rc7 63. Qf6+ Kb5 64. Qxf4 c4 65. Qxc7 c3 1-0

[Event "*** SCC Grand Prix: Titled Tuesday Blitz"]
[Site "Chess.com"]
[Date "2020.08.04"]
[Round "6"]
[White "boasovietica"]
[Black "tan275"]
[Result "0-1"]
[WhiteElo "2403"]
[BlackElo "2256"]
[TimeControl "180+1"]
[EndTime "14:50:51 PDT"]
[Termination "tan275 won by checkmate"]

1. e4 c6 2. d4 d5 3. exd5 cxd5 4. Bd3 Nc6 5. c3 Qc7 6. Ne2 Bg4 7. O-O e5 8. dxe5 Nxe5 9. Bb5+ Bd7 10. Qxd5 Nf6 11. Bxd7+ Nexd7 12. Qg5 Bd6 13. Bf4 O-O-O 14. Bxd6 Qxd6 15. Nd4 h6 16. Qa5 Kb8 17. Qxa7+ Kxa7 18. Nb5+ Ka6 19. Nxd6 Rhf8 20. Na3 Nc5 21. Rad1 Rd7 22. Nf5 Rfd8 23. Rxd7 Rxd7 24. Nd4 Na4 25. Nc4 b5 26. Ne5 Rd5 27. Nec6 Rd6 28. Nb4+ Kb6 29. Nd3 b4 30.
Nxb4 Nxb2 31. Rb1 Na4 32. Nd5+ Kc5 33. Rb5+ Kc4 34. Nxf6 Nxc3 35. Rb3 Rxd4 36. h3 gxf6 37. Kh2 Rd2 38. Kg3 Rxa2 39. Rb7 Ra5 40. Rxf7 h5 41.
Kh4 Rf5 42. f3 Nd5 43. Rh7 Nf4 44. Rg7 Kd4 45. g3 Ng2# 0-1

[Event "*** SCC Grand Prix: Titled Tuesday Blitz"]
[Site "Chess.com"]
[Date "2020.08.04"]
[Round "6"]
[White "goldenpuppy"]
[Black "PawnEatingZombie"]
[Result "1-0"]
[WhiteElo "2424"]
[BlackElo "2245"]
[TimeControl "180+1"]
[EndTime "14:50:52 PDT"]
[Termination "goldenpuppy won on time"]

1. e4 c6 2. d4 d5 3. Nc3 dxe4 4. Nxe4 Bf5 5. Ng3 Bg6 6. N1e2 e6 7. Nf4 Qc7 8. c3 Nf6 9. h4 Bd6 10. Qf3 Nbd7 11.
h5 Bc2 12. h6 g6 13. Bd3 Bxd3 14. Nxd3 O-O 15. Bg5 Nd5 16. c4 Nb4 17. Ne4 f6 18. Bd2 Nc2+ 19. Kd1 Nxa1 20. Bc3 Be7 21. Kd2 b5 22. c5 Rad8 23. Rxa1 f5 24. Ng3 e5 25. Qe2 exd4 26. Qe6+ Rf7 27. Bxd4 Nf6 28. Bc3 Qd7 29. Qxd7 Rxd7 30. Kc2 Bf8 31. Ne5 Nd5 32. Nxf7 Rxf7 33. Be5 Bxh6 34. Rd1 Bg7 35. Bxg7 Kxg7 36. Ne2 Re7 37. Nd4 Nf4 38. g3 Nd5 39. Nxc6 Rc7 40. Rxd5 Rxc6 41. b4 a5 42. a3 axb4 43. axb4 Kf6 44.
Kd3 h5 45. Rd8 g5 46. Kd4 h4 47. Kd5 1-0

[Event "*** SCC Grand Prix: Titled Tuesday Blitz"]
[Site "Chess.com"]
[Date "2020.08.04"]
[Round "6"]
[White "effefe"]
[Black "chessuriel"]
[Result "1-0"]
[WhiteElo "2119"]
[BlackElo "2258"]
[TimeControl "180+1"]
[EndTime "14:50:53 PDT"]
[Termination "effefe won by checkmate"]

1. d4 Nf6 2. c4 g6 3. Nc3 Bg7 4. e4 d6 5. Be2 O-O 6. Be3 e5 7.
d5 Nbd7 8. g4 Nc5 9. f3 a5 10.
h4 b6 11. h5 Ne8 12. Qd2 f5 13. hxg6 hxg6 14. gxf5 gxf5 15. Bh6 f4 16. Bxg7 Kxg7 17.
O-O-O Rh8 18. Rxh8 Kxh8 19. Nh3 Bxh3 20. Rh1 Ng7 21.
Rxh3+ Kg8 22. Qe1 Qg5 23. Qh1 Rf8 24. Nb5 Na6 25. Bf1 Rf6 26. Rh8+ Kf7 27. Bh3 Rg6 28. Be6+ Nxe6 29. dxe6+ Ke7 30. Rh7+ Rg7 31. Nc3 Nb4 32. a3 Nd3+ 33. Kc2 Ne1+ 34. Kb3 Kxe6 35. Rxg7 Qxg7 36. Qxe1 c6 37. Qf2 Qb7 38. Kc2 b5 39. cxb5 cxb5 40. Nd5 Qc6+ 41. Kb1 Qc4 42. Qg2 Qd3+ 43. Ka1 Qd1+ 44.
Ka2 a4 45. Qg8+ Kd7 46. Qf7+ Kc6 47. Qc7# 1-0

[Event "*** SCC Grand Prix: Titled Tuesday Blitz"]
[Site "Chess.com"]
[Date "2020.08.04"]
[Round "6"]
[White "KarstenHansch"]
[Black "AbigailCabezas"]
[Result "1-0"]
[WhiteElo "2412"]
[BlackElo "1385"]
[TimeControl "180+1"]
[EndTime "14:50:56 PDT"]
[Termination "KarstenHansch won by checkmate"]

1. e4 e6 2. d4 d5 3. exd5 exd5 4. Nf3 Nf6 5. Bd3 Be7 6. O-O O-O 7. Bg5 h6 8. Bh4 Nfd7 9. Bxe7 Qxe7 10. Re1 Qb4 11. Qc1 c5 12. c3 Qb6 13. dxc5 Nxc5 14. Bc2 Nc6 15. Nbd2 Bg4 16. Ne5 Nxe5 17. Rxe5 Qd6 18. Re1 Rfe8 19. Nb3 Nxb3 20. Bxb3 Rad8 21. Qd2 d4 22.
Rxe8+ Rxe8 23. f3 Bh5 24. Qxd4 Qg6 25. Qf2 Qa6 26. Re1 Rd8 27. Qh4 Qb6+ 28. Qf2 Qxf2+ 29. Kxf2 Rd2+ 30. Re2 Rxe2+ 31. Kxe2 Kf8 32. Ke3 Ke7 33. Kd4 Bg6 34. Bd5 b6 35. Be4 Kd6 36. Bxg6 fxg6 37. a4 a6 38. b4 g5 39. c4 h5 40. g3 g6 41. h3 h4 42. g4 Kc6 43. Ke5 b5 44.
axb5+ axb5 45. c5 Kd7 46. Kf6 Ke8 47. Kxg6 Ke7 48. Kxg5 Ke6 49. f4 Kd5 50. f5 Kc4 51. c6 Kxb4 52. c7 Ka3 53. c8=Q b4 54. f6 b3 55. f7 b2 56. f8=Q+ Ka2 57. Qa6+ Kb1 58.
Qff1+ Kc2 59. Qad3# 1-0

[Event "*** SCC Grand Prix: Titled Tuesday Blitz"]
[Site "Chess.com"]
[Date "2020.08.04"]
[Round "6"]
[White "vovachesss"]
[Black "Flopezin"]
[Result "0-1"]
[WhiteElo "2576"]
[BlackElo "2354"]
[TimeControl "180+1"]
[EndTime "14:51:00 PDT"]
[Termination "Flopezin won by resignation"]

1. e4 e5 2. Nf3 Nc6 3. Nc3 Nf6 4. Nxe5 Nxe5 5. d4 Nc6 6. e5 Ng8 7. Bc4 Bb4 8. Qf3 f6 9. Be3 d6 10. O-O-O Bxc3 11. bxc3 Na5 12. exf6 Nxf6 13. Bd3 O-O 14. Bg5 h6 15. Bxf6 Qxf6 16. Qd5+ Be6 17. Qxa5 Qxf2 18. Qxc7 Bxa2 19. c4 Rac8 20. Qxd6 Bxc4 21. Rhf1 Qe3+ 22. Kb2 Bxd3 23. Rxd3 Rxc2+ 24. Kxc2 Qe2+ 25. Rd2 Qc4+ 26. Kb2 Rxf1 27. Rc2 Qb5+ 28. Kc3 Rd1 29. Qe6+ Kh8 30. Qe4 Qa5+ 31. Kc4 b5+ 32. Kd5 Qd8+ 33. Kc5 a6 34. Kc6 Rf1 35. d5 Qc8+ 36. Kb6 Rf6+ 37.
Rc6 b4 38. Rxf6 gxf6 39. d6 Qd8+ 40. Kc6 Qa8+ 41. Kc7 Qxe4 42. d7 Qc4+ 43. Kb8 Qb5+ 44. Kc8 Qxd7+ 45. Kxd7 b3 0-1

[Event "*** SCC Grand Prix: Titled Tuesday Blitz"]
[Site "Chess.com"]
[Date "2020.08.04"]
[Round "6"]
[White "BilodeauA"]
[Black "Konavets"]
[Result "1-0"]
[WhiteElo "2893"]
[BlackElo "3062"]
[TimeControl "180+1"]
[EndTime "14:51:03 PDT"]
[Termination "BilodeauA won by checkmate"]

1. e4 c6 2. Nf3 d5 3. d3 g6 4. e5 Bg7 5. d4 f6 6. exf6 exf6 7. Bd3 Nh6 8. O-O O-O 9. h3 Nf7 10. c4 Be6 11. b3 Nd7 12. Nc3 dxc4 13. Bxc4 Bxc4 14.
bxc4 f5 15. Rb1 Qa5 16. Qb3 b6 17. Bd2 Qa6 18. a4 Kh8 19. Bf4 h6 20. h4 Nf6 21.
Rfe1 Nh5 22. Be5 Rad8 23. Bxg7+ Kxg7 24. a5 Nf6 25. axb6 axb6 26. Re6 Rd6 27. Rxd6 Nxd6 28.
Ne5 b5 29. c5 Nde4 30. Nxe4 fxe4 31. Qg3 Qb7 32. Qxg6+ Kh8 33. Qxh6+ Kg8 34. Ng6 Re8 35. Qh8+ Kf7 36. Ne5+ Ke6 37. Qh6 Rg8 38. Qf4 b4 39.
Nc4 Qb8 40. Nd6 Qd8 41. Qe5+ Kd7 42. Rxb4 Nd5 43. Rb7+ Nc7 44. Qf5+ Ke7 45. Qf7# 1-0

[Event "*** SCC Grand Prix: Titled Tuesday Blitz"]
[Site "Chess.com"]
[Date "2020.08.04"]
[Round "6"]
[White "mortngabriel"]
[Black "Bastiandash"]
[Result "0-1"]
[WhiteElo "2418"]
[BlackElo "2321"]
[TimeControl "180+1"]
[EndTime "14:51:03 PDT"]
[Termination "Bastiandash won by checkmate"]

1. e4 c5 2. Nf3 e6 3. Nc3 a6 4. d4 cxd4 5. Nxd4 b5 6. Bd3 Qb6 7. Nb3 Qc7 8. O-O Bb7 9. Bd2 Nf6 10. Qe2 d6 11. Rae1 Nbd7 12. f4 Rc8 13. e5 Nd5 14. Nxd5 Bxd5 15. Qh5 g6 16. Qe2 Bg7 17. Bc3 O-O 18.
h4 b4 19. Bd4 a5 20. h5 a4 21. Nd2 Nc5 22. Nf3 Nxd3 23. cxd3 Qc2 24. Qe3 Qc6 25. exd6 Qxd6 26. Bxg7 Kxg7 27. Qe5+ Qxe5 28. fxe5 Rc2 29.
Ng5 Rxg2+ 30. Kh1 Rxg5+ 31. Kh2 Rxh5+ 32. Kg3 Rg5+ 33. Kf4 Rf5+ 34. Ke3 Rxf1 35. Kd4 Rc8 36. Rxf1 Rc2 37. a3 bxa3 38. bxa3 Ra2 39. Rc1 Rxa3 40. Rc5 Ra2 41. Ra5 Ra1 42. Ra7 a3 43.
Ra5 a2 44. Rxd5 exd5 45. Kxd5 Rd1 46. d4 a1=Q 47. Kd6 Qxd4+ 48. Ke7 Qd7# 0-1

[Event "*** SCC Grand Prix: Titled Tuesday Blitz"]
[Site "Chess.com"]
[Date "2020.08.04"]
[Round "6"]
[White "djano"]
[Black "ahachess"]
[Result "0-1"]
[WhiteElo "2418"]
[BlackElo "2293"]
[TimeControl "180+1"]
[EndTime "14:51:05 PDT"]
[Termination "ahachess won by checkmate"]

1. d4 d5 2. Bf4 c5 3. e3 Nc6 4.
Nf3 Bf5 5. Nbd2 e6 6. c3 Nf6 7. Be2 h6 8. Ne5 Qb6 9. Nxc6 bxc6 10. Qa4 Be7 11. O-O O-O 12. b3 Ne4 13. Nxe4 Bxe4 14. Rfc1 Rfc8 15. h3 a5 16. Be5 cxd4 17. cxd4 c5 18.
Qd7 Qa7 19. Qa4 Qb6 20. Rc3 cxd4 21. Bxd4 Qb4 22. Rxc8+ Rxc8 23. Qd7 Rc2 24. Qe8+ Bf8 25. Bf3 Qd2 26. Rf1 Bd3 27. Be5 Bxf1 28. Bd6 Qxf2+ 29. Kh2 Bxg2 30. Qxf8+ Kh7 31. Bg3 Qf1 32. Be5 Bxf3+ 33. Kg3 Qg2+ 34. Kh4 Qg5# 0-1

[Event "*** SCC Grand Prix: Titled Tuesday Blitz"]
[Site "Chess.com"]
[Date "2020.08.04"]
[Round "6"]
[White "DanielRensch"]
[Black "Sn00pPawn"]
[Result "1-0"]
[WhiteElo "2566"]
[BlackElo "1991"]
[TimeControl "180+1"]
[EndTime "14:51:07 PDT"]
[Termination "DanielRensch won by resignation"]

1. e4 c5 2. Nf3 d6 3. d4 cxd4 4. Nxd4 Nf6 5. Nc3 a6 6. Be3 Ng4 7. Bc1 Nf6 8. Be3 Ng4 9. Bg5 h6 10. Bh4 g5 11. Bg3 Bg7 12. Qd2 Nc6 13. Nf5 Bxf5 14. exf5 Qa5 15. h3 Bxc3 16. bxc3 Nf6 17. Bd3 Rc8 18. O-O Ne5 19. Rfe1 O-O 20. h4 Nh7 21. hxg5 hxg5 22. f6 exf6 23. Bxh7+ Kxh7 24. Qxd6 Ng4 25. f3 Nh6 26. Qxf6 Qf5 27. Qd4 Rfd8 28.
Qe5 Qxe5 29. Rxe5 Kg6 30. Rae1 Rd7 31. Re7 Rcd8 32. Bf2 Nf5 33. Rxd7 Rxd7 34. Rb1 Rc7 35. Rb3 b5 36. g4 Nd6 37. Kf1 Rc4 38. Bd4 Nb7 39. Rb4 Na5 40. a3 Nc6 41. Rxc4 bxc4 42.
Ke2 f6 43. Ke3 Kf7 44. Ke4 Ke6 45. Bb6 a5 46. Bc7 a4 47. Bb6 Kf7 48. Kd5 1-0

[Event "*** SCC Grand Prix: Titled Tuesday Blitz"]
[Site "Chess.com"]
[Date "2020.08.04"]
[Round "6"]
[White "XDPS"]
[Black "VincentKeymer"]
[Result "1/2-1/2"]
[WhiteElo "2693"]
[BlackElo "2874"]
[TimeControl "180+1"]
[EndTime "14:51:08 PDT"]
[Termination "Game drawn by repetition"]

1. e4 c6 2. Nf3 d5 3. Nc3 dxe4 4. Nxe4 Nf6 5. Qe2 Nxe4 6. Qxe4 Nd7 7. Bc4 Nf6 8. Ne5 e6 9. Qe2 b5 10. Bb3 Qc7 11. O-O Bd6 12. d4 O-O 13. Bf4 a5 14. a3 c5 15. dxc5 Qxc5 16. Rfd1 Bc7 17. a4 b4 18. Nd3 Qe7 19. Bxc7 Qxc7 20. Qe5 Qb6 21. Nc5 Bb7 22. Rd6 Qa7 23. Rad1 Bd5 24. Qd4 Rad8 25. Rxd8 Rxd8 26. Nxe6 Qxd4 27. Nxd4 Bxb3 28.
cxb3 Ng4 29. Rc1 h6 30. Nc6 Rd2 31. Nxa5 Rxb2 32. f3 Ne3 33. g3 Rg2+ 34. Kh1 Rb2 35. Nc4 Rxb3 36. Nxe3 Rxe3 37. Rc8+ Kh7 38. Rb8 b3 39.
Kg2 Re2+ 40. Kh3 Re3 41. f4 Re4 42. Rxb3 Rxa4 43. Rb7 Kg8 44. Rb8+ Kh7 45. Rb7 Kg8 46. Rb8+ Kh7 47. Rb7 1/2-1/2

[Event "*** SCC Grand Prix: Titled Tuesday Blitz"]
[Site "Chess.com"]
[Date "2020.08.04"]
[Round "6"]
[White "Goryachkina"]
[Black "Grandmaster2B"]
[Result "1/2-1/2"]
[WhiteElo "2570"]
[BlackElo "2389"]
[TimeControl "180+1"]
[EndTime "14:51:08 PDT"]
[Termination "Game drawn by repetition"]

1. e4 c5 2. Nf3 d6 3. c3 Nf6 4. Be2 g6 5. O-O Bg7 6. Bb5+ Nbd7 7. Re1 O-O 8. d4 e6 9. Ba4 cxd4 10. cxd4 e5 11. Nc3 Re8 12. dxe5 dxe5 13. Bg5 a6 14. Nd5 b5 15. Bb3 h6 16. Bh4 g5 17. Bg3 Bb7 18.
Nxf6+ Bxf6 19. Rc1 g4 20. Nd2 h5 21. Nf1 Rc8 22.
Rxc8 Qxc8 23. h3 Nc5 24. Bd5 Bxd5 25. exd5 h4 26. Bxh4 Bxh4 27. hxg4 e4 28. Ne3 Nd3 29. Re2 Qc1 30. Qxc1 Nxc1 31. Rd2 Nd3 32. g3 Bg5 33. Rc2 Ne1 34. Rc6 Nf3+ 35. Kg2 Kg7 36. Nf5+ Kh7 37. d6 Rh8 38. d7 Bd8 39. Rxa6 Kg8 40.
Ra8 Rh2+ 41. Kf1 Rh1+ 42. Kg2 Rg1+ 43. Kh3 Rh1+ 44. Kg2 Rg1+ 45. Kh3 Ng5+ 46. Kh2 Nf3+ 47. Kh3 1/2-1/2